 Dungeon Crawl Stone Soup version 0.29-a0-219-g0a02b1cf4f (webtiles) character file.

Game seed: 10543736930265171622

56072 igorguim the Earth Mage (level 14, -11/96 HPs)
             Began as a Gargoyle Earth Elementalist on Feb 26, 2022.
             Was a High Priest of Vehumet.
             Mangled by Jorgrun
             ... wielding a +0 vorpal quarterstaff
              (14 damage)
             ... on level 12 of the Dungeon.
             The game lasted 01:46:48 (27175 turns).

igorguim the Earth Mage (GrEE)                     Turns: 27175, Time: 01:46:53

Health: -11/96     AC: 27    Str: 13      XL:     14   Next: 80%
Magic:  13/18      EV: 12    Int: 26      God:    Vehumet [*****.]
Gold:   1875       SH:  4    Dex:  9 (10) Spells: 4/19 levels left

rFire   . . .      SeeInvis .   k - staff of conjuration
rCold   . . .      Faith    .   (no shield)
rNeg    + . .      Spirit   .   l - +3 steam dragon scales
rPois   ∞          Reflect  .   E - +1 hat
rElec   +          Harm     .   (no cloak)
rCorr   .          Rampage  .   H - +2 pair of gloves
Will    +....                   f - +2 pair of boots
Stlth   ++........              (no amulet)
HPRegen 0.26/turn               n - +6 ring of intelligence
MPRegen 0.16/turn               w - ring of wizardry

@: flying
A: sickness immunity, AC +10, big wings, negative energy resistance 1,
electricity resistance, torment resistance 1, petrification resistance, large
bone plates 1, deterioration 1
a: Renounce Religion


You were on level 12 of the Dungeon.
You worshipped Vehumet.
Vehumet was extremely pleased with you.
You visited 5 branches of the dungeon, and saw 21 of its levels.
You also visited: Sewer.

You collected 1906 gold pieces.
You spent 31 gold pieces at shops.

Inventory:

Hand Weapons
 r - the +7 great mace "Undertaker" {venom, rN+ rCorr Stlth+}
   (You found it on level 3 of the Lair of Beasts)

   It poisons the flesh of those it strikes.
   rN:        It protects you from negative energy.
   rCorr:     It protects you from acid and corrosion.
   Stlth:     It makes you more stealthy.
Missiles
 v - 90 stones
Armour
 f - a +2 pair of boots (worn)
 j - a +1 robe of cold resistance
 l - +3 steam dragon scales (worn)
 E - a +1 hat (worn)
 G - +0 acid dragon scales
 H - a +2 pair of gloves (worn)
Magical Staves
 k - a staff of conjuration (weapon)
 t - a staff of cold
Jewellery
 b - a ring of protection from fire
 i - a ring of positive energy
 n - a +6 ring of intelligence (left hand)
 w - a ring of wizardry (right hand)
 z - a ring of positive energy
Wands
 s - a wand of iceblast (20)
 B - a wand of paralysis (20)
 C - a wand of polymorph (5)
 F - a wand of flame (15)
Scrolls
 e - 4 scrolls of fog
 m - 3 scrolls of magic mapping
 o - 2 scrolls of blinking
 u - 6 scrolls of teleportation
 D - 8 scrolls of identify
Potions
 c - 5 potions of brilliance
 g - 3 potions of flight
 h - 8 potions of curing
 q - a potion of resistance
 x - a potion of ambrosia
Miscellaneous
 a - a phial of floods (inert)
 A - a lightning rod (inert)


   Skills:
 + Level 14.2 Fighting
 - Level 7.5 Armour
 - Level 4.2 Dodging
 - Level 2.1 Stealth
 + Level 3.1 Spellcasting
 * Level 11.4 Conjurations
 - Level 0.7 Transmutations
 - Level 3.0 Fire Magic
 - Level 5.3 Ice Magic
 - Level 19.2 Earth Magic
 - Level 1.2 Evocations


You had 4 spell levels left.
You knew the following spells:

 Your Spells              Type           Power      Damage    Failure   Level
a - Sandblast             Erth           100%       2d20      0%          1
b - Stone Arrow           Conj/Erth      100%       3d13      1%          3
c - Passwall              Tmut/Erth      45%        N/A       1%          2
d - Hailstorm             Conj/Ice       63%        3d13      1%          4
e - Lee's Rapid Deconstr  Erth           40%        3d21*     1%          5

Your spell library contained the following spells:

 Spells                   Type           Power      Damage    Failure   Level
 Yara's Violent Unravell  Hex/Tmut       2%         3d3       22%         5
 Freeze                   Ice            100%       1d11      1%          1
 Ensorcelled Hibernation  Hex/Ice        34%        N/A       1%          2
 Poisonous Vapours        Pois/Air       8%         N/A       1%          2
 Conjure Flame            Conj/Fire      58%        6-21      1%          3
 Dazzling Flash           Conj/Hex       100%       N/A       1%          3
 Frozen Ramparts          Ice            62%        1d8       1%          3
 Iskenderun's Mystic Bla  Conj/Tloc      50%        2d11      1%          4
 Petrify                  Tmut/Erth      54%        N/A       1%          4
 Sticky Flame             Conj/Fire      58%        2d7       1%          4
 Ignite Poison            Fire/Tmut/Pois 10%        N/A       2%          3
 Animate Skeleton         Necr           8%         N/A       4%          1
 Pain                     Necr           16%        1d4       4%          1
 Slow                     Hex            16%        N/A       4%          1
 Corpse Rot               Necr/Air       8%         N/A       6%          2
 Confusing Touch          Hex            4%         N/A       12%         3
 Gell's Gravitas          Tloc           4%         N/A       12%         3
 Lesser Beckoning         Tloc           4%         N/A       12%         3
 Summon Guardian Golem    Hex/Summ       4%         N/A       12%         3
 Swiftness                Air            4%         N/A       12%         3
 Teleport Other           Tloc           4%         N/A       12%         3
 Vampiric Draining        Necr           4%         2d6       12%         3
 Borgnjor's Vile Clutch   Necr/Erth      26%        N/A       1%          5
 Irradiate                Conj/Tmut      26%        3d22      2%          5
 Starburst                Conj/Fire      29%        6d9       9%          6
 Orb of Destruction       Conj           38%        9d11      9%          7
 Spellforged Servitor     Conj/Summ      25%        N/A       54%         7
 Alistair's Intoxication  Tmut/Pois      3%         N/A       63%         5
 Eringya's Noxious Bog    Tmut/Pois      2%         N/A       69%         6
 Dispersal                Tloc           2%         N/A       99%         6
 Borgnjor's Revivificati  Necr           2%         N/A       100%        8
 Necromutation            Tmut/Necr      2%         N/A       100%        8
 Death's Door             Necr           2%         N/A       100%        9
 Sublimation of Blood     Necr           Unusable   N/A       N/A         2

Dungeon Overview and Level Annotations

Branches:
Dungeon (12/15)            Temple (1/1) D:5            Lair (6/6) D:10
  Swamp (1/4) Lair:4        Snake (0/4) Lair:4        Slime (0/5) Lair:6
    Orc (1/2) D:12          Sewer (visited)

Altars:
Cheibriados
Dithmenos
Elyvilon
Fedhas
Hepliaklqana
Kikubaaqudgha
Makhleb
Nemelex Xobeh
Okawaru
Qazlal
Ru
Sif Muna
Trog
Uskayaw
Vehumet
Xom
Zin
The Shining One
Jiyva

Shops:
D:2 (   D:4 **   Orc:1 *

Annotations:
D:7 2 transporters, exclusion: oklob plant, dracfodder's ghost, novice GrBe
D:12 Jorgrun


Innate Abilities, Weirdness & Mutations

You are immune to sickness and miasma.
Your stone body is resilient. (AC +10)
You are immune to poison.
Your large and strong wings let you fly.
You resist negative energy. (rN+)
You are resistant to electric shocks. (rElec)
You are resistant to unholy torment.
You are immune to petrification.
You are partially covered in large bone plates. (SH +4)
Your body sometimes deteriorates upon taking damage.


Message History

There is a staircase back to the Dungeon here.
Jorgrun closely misses you.
You fly upwards.
Welcome back to the Dungeon!
There is a staircase to the Orcish Mines here.
Jorgrun is nearby!
You are too injured to fight recklessly!
You cannot cast spells when silenced!
You feel better.
Jorgrun points at you and mumbles some strange words.
The iron shot hits you!!
* * * LOW HITPOINT WARNING * * *
You miss Jorgrun.
Jorgrun is almost dead.
Jorgrun hits you with a +0 vorpal quarterstaff!
* * * LOW HITPOINT WARNING * * *
x2 You are confused.
You feel invigorated.
Your hearing returns.
Jorgrun barely misses you.
You bump into the rock wall.
Jorgrun hits you but does no damage.
You feel less invigorated.
You feel less confused. Jorgrun hits you but does no damage.
Jorgrun gestures at you while chanting.
You shatter!!
* * * LOW HITPOINT WARNING * * *
Casting: Stone Arrow (safe; 1% risk of failure)
Confirm with . or Enter, or press ? or * to list all spells.
Okay, then.
Okay, then.
Okay, then.
Casting: Stone Arrow (safe; 1% risk of failure)
Confirm with . or Enter, or press ? or * to list all spells.
Aiming: Stone Arrow (safe; 1% risk of failure)
Press: ? - help, Shift-Dir - straight line, f - Jorgrun
Aim: Jorgrun, wielding a +0 vorpal quarterstaff and wearing a +0 robe (almost dead, 63% to hit)
You feel a surge of power!
The stone arrow hits Jorgrun!
Jorgrun is almost dead.
Jorgrun hits you with a +0 vorpal quarterstaff!
You die...

#.# #..............!... #.#
#..................
#.###########....<.............
###..............................
.................................
######...........###.[...........
#.....[..####>####.>........
#.....####.......####.......
#...###....@g.......###.....
#..##....#.......#....##....
#.##....###.....###....##...
########.....###.8.8.###..8..#...
......##......#.......#......##..
......#..#.#..#..#+#..#..#)#..#..
......#.##.##.#.##.##.#.##[##.#..
......#.#().#.#.#...#.#.#...#.#..
......#.#.).#.#.#..)#.#.#...#.#..


You could see Jorgrun.

Vanquished Creatures
  A dire elephant (Lair:6)
  A fire dragon (Lair:6)
  9 hydras
  2 catoblepae (Lair:6)
  2 tengu warriors (D:10)
  Sonja (Lair:6)
  Amaemon (D:11)
  A swamp dragon (Lair:6)
  A lindwurm (Lair:6)
  2 ugly things
  3 manticores
  3 elephants
  An orange demon (D:11)
  3 black mambas (Lair:6)
  A torpor snail (Lair:2)
  12 cane toads
  A gargoyle (D:10)
  6 rime drakes
  2 kobold demonologists
  8 komodo dragons
  5 trolls
  2 polar bears
  2 hornets
  Prince Ribbit (D:6)
  34 blink frogs
  2 dream sheep (Lair:2)
  4 slime creatures (D:12)
  Sigmund (D:2)
  A spriggan (Lair:2)
  3 wyverns
  6 shadows
  2 vampires
  6 basilisks
  51 yaks
  6 vampire mosquitoes
  Grum (Lair:1)
  4 steam dragons
  Menkaure (D:4)
  2 wargs (D:12)
  4 nagas (Lair:4)
  15 water moccasins
  3 acid dragons
  7 orc warriors
  7 black bears
  Pargi (D:4)
  2 ice beasts
  A swamp drake (Lair:6)
  4 necrophages
  9 centaurs
  12 wolves
  3 ogres
  2 phantoms
  4 kobold brigands
  A gnoll sergeant (D:10)
  3 scorpions
  23 bullfrogs
  8 killer bees
  A wight (D:10)
  7 howler monkeys
  An electric eel (Lair:3)
  A gnoll shaman (D:10)
  2 hounds
  6 jellies
  7 orc priests
  6 iguanas
  7 orc wizards
  A mummy (D:10)
  8 adders
  2 shadow imps
  3 worms (D:2)
  4 dart slugs
  39 orcs
  23 endoplasms
  7 giant cockroaches
  3 goblins
  7 hobgoblins
  2 jackals (D:3)
  29 kobolds
  13 quokkas
  12 ball pythons
  A bat (D:2)
  13 frilled lizards
  10 rats
519 creatures vanquished.

Vanquished Creatures (collateral kills)
  A hydra (Lair:5)
  A cane toad (Lair:5)
  4 yaks (D:9)
6 creatures vanquished.

Vanquished Creatures (others)
  46 fungi
  70 plants
116 creatures vanquished.

Grand Total: 641 creatures vanquished

Notes
Turn   | Place    | Note
-------+----------+-------------------------------------------
     0 | D:1      | igorguim the Gargoyle Earth Elementalist began the quest
                  | for the Orb.
     0 | D:1      | Reached XP level 1. HP: 10/10 MP: 3/3
     4 | D:1      | Noticed a black mamba
    52 | D:1      | Reached skill level 4 in Earth Magic
    96 | D:1      | Found a faded altar of an unknown god.
   158 | D:1      | Reached XP level 2. HP: 15/15 MP: 5/5
   918 | D:1      | Noticed a black mamba
   956 | D:1      | Reached skill level 1 in Fighting
  1047 | D:1      | Reached XP level 3. HP: 20/20 MP: 4/6
  1189 | D:2      | Learned a level 3 spell: Stone Arrow
  1262 | D:2      | Noticed Sigmund
  1269 | D:2      | Killed Sigmund
  1270 | D:2      | Reached skill level 5 in Earth Magic
  1270 | D:2      | Reached XP level 4. HP: 26/26 MP: 2/7
  1270 | D:2      | Reached XP level 5. HP: 30/30 MP: 2/8
  1467 | D:2      | Reached skill level 6 in Earth Magic
  1585 | D:2      | Found Zoroh's Weapon Shoppe.
  1594 | D:2      | Reached XP level 6. HP: 36/36 MP: 7/9
  1622 | D:2      | Bought 26 stones for 31 gold pieces
  2389 | D:3      | Noticed an ice beast
  2394 | D:3      | Killed an ice beast
  2550 | D:3      | Found a glowing drain.
  2554 | Sewer    | Entered a sewer
  2743 | Sewer    | Reached XP level 7. HP: 31/41 MP: 1/10
  3270 | Sewer    | Reached skill level 7 in Earth Magic
  3289 | Sewer    | Got Zedi's Volume of Orientation and Ice
  3296 | Sewer    | Learned a level 2 spell: Passwall
  3943 | D:4      | Noticed Menkaure
  3945 | D:4      | Killed Menkaure
  3946 | D:4      | Reached skill level 5 in Conjurations
  4040 | D:4      | Noticed Pargi
  4046 | D:4      | Killed Pargi
  4095 | D:4      | Reached skill level 1 in Armour
  4095 | D:4      | Reached skill level 8 in Earth Magic
  4095 | D:4      | Reached XP level 8. HP: 40/48 MP: 8/11
  4672 | D:4      | Found Jojuh's General Store.
  4674 | D:4      | Found Mianuti's Specific Store.
  4965 | D:5      | Entered Level 5 of the Dungeon
  4980 | D:5      | Reached skill level 9 in Earth Magic
  5124 | D:5      | Reached skill level 5 in Fighting
  5376 | D:5      | Found a sacrificial altar of Ru.
  5439 | D:5      | Found a staircase to the Ecumenical Temple.
  5453 | Temple   | Entered the Ecumenical Temple
  5461 | Temple   | Became a worshipper of Vehumet
  5485 | D:5      | Found a shimmering altar of Xom.
  5888 | D:6      | Reached XP level 9. HP: 54/54 MP: 10/12
  5891 | D:6      | Reached skill level 10 in Earth Magic
  6132 | D:6      | Noticed Prince Ribbit
  6144 | D:6      | Killed Prince Ribbit
  6510 | D:6      | Reached skill level 11 in Earth Magic
  6739 | D:6      | Reached skill level 5 in Armour
  6781 | D:6      | Found a burning altar of Makhleb.
  6783 | D:6      | Found a hide-covered altar of Uskayaw.
  6783 | D:6      | Found a sparkling altar of Nemelex Xobeh.
  6783 | D:6      | Found a shimmering blue altar of Sif Muna.
  6784 | D:6      | Found a glowing silver altar of Zin.
  6865 | D:6      | Reached * piety under Vehumet
  6865 | D:6      | Offered knowledge of Magic Dart by Vehumet.
  7023 | D:7      | Found a transporter.
  7037 | D:7      | Noticed an oklob plant
  7071 | D:7      | Noticed dracfodder's ghost (novice GrBe)
  7075 | D:7      | Noticed a troll
  7105 | D:7      | Found a transporter.
  7146 | D:7      | Identified the +1 scale mail of Inevitability {rElec SInv}
  7656 | D:7      | Reached XP level 10. HP: 63/63 MP: 10/13
  7660 | D:7      | Reached skill level 12 in Earth Magic
  7751 | D:7      | Reached skill level 1 in Ice Magic
  8092 | D:8      | Noticed a manticore
  8570 | D:8      | Gained mutation: You are partially covered in large bone
                  | plates. (SH +4) [potion of mutation]
  8570 | D:8      | Gained mutation: Your body sometimes deteriorates upon
                  | taking damage. [potion of mutation]
  8589 | D:8      | Killed a manticore
  8770 | D:8      | Offered knowledge of Shock by Vehumet.
  8898 | D:8      | Learned a level 4 spell: Hailstorm
  9513 | D:9      | Reached ** piety under Vehumet
  9686 | D:9      | Reached skill level 5 in Ice Magic
  9894 | D:9      | Reached XP level 11. HP: 69/69 MP: 4/14
 10353 | D:10     | Entered Level 10 of the Dungeon
 10798 | D:10     | Offered knowledge of Mephitic Cloud by Vehumet.
 10879 | D:10     | You fall into a shaft and drop 1 floor!
 11031 | D:11     | Noticed Amaemon
 11099 | D:11     | Killed Amaemon
 11225 | D:11     | Noticed a red ugly thing
 11276 | D:11     | Killed a red ugly thing
 11440 | D:10     | Found a snail-covered altar of Cheibriados.
 11470 | D:10     | Reached *** piety under Vehumet
 11831 | D:10     | Offered knowledge of Airstrike by Vehumet.
 11831 | D:10     | Noticed a tengu warrior
 11837 | D:10     | Noticed a tengu warrior
 11891 | D:10     | Killed a tengu warrior
 11892 | D:10     | Reached skill level 10 in Conjurations
 12103 | D:10     | Killed a tengu warrior
 12104 | D:10     | Reached XP level 12. HP: 75/77 MP: 10/15
 12192 | D:10     | Found a staircase to the Lair.
 12654 | Lair:1   | Entered Level 1 of the Lair of Beasts
 12766 | D:11     | Reached skill level 10 in Fighting
 12769 | D:11     | Reached skill level 1 in Evocations
 13471 | D:12     | Noticed a sun demon
 13552 | D:12     | Reached **** piety under Vehumet
 13553 | D:12     | Reached skill level 1 in Fire Magic
 14075 | D:12     | Offered knowledge of Lee's Rapid Deconstruction by Vehumet.
 14087 | D:12     | Learned a level 5 spell: Lee's Rapid Deconstruction
 14168 | D:12     | Found a staircase to the Orcish Mines.
 14568 | Orc:1    | Entered Level 1 of the Orcish Mines
 14867 | Orc:1    | Found Plog's Assorted Antiques.
 14867 | Orc:1    | Noticed Jorgrun
 15360 | Lair:1   | Reached skill level 13 in Earth Magic
 16550 | Lair:1   | Noticed Grum
 16552 | Lair:1   | Reached skill level 14 in Earth Magic
 16559 | Lair:1   | Killed Grum
 16799 | Lair:1   | Reached XP level 13. HP: 84/84 MP: 10/17
 16869 | Lair:1   | Reached ***** piety under Vehumet
 17370 | Lair:2   | Offered knowledge of Conjure Ball Lightning by Vehumet.
 17875 | Lair:2   | Reached skill level 15 in Earth Magic
 18137 | Lair:2   | Found a sparkling altar of Nemelex Xobeh.
 19750 | Lair:3   | Identified the +7 great mace "Undertaker" {venom, rN+ rCorr
                  | Stlth+}
 19953 | Lair:3   | Reached skill level 16 in Earth Magic
 21527 | Lair:4   | Found a staircase to the Swamp.
 21633 | Lair:4   | Reached skill level 17 in Earth Magic
 21797 | Lair:4   | Found a staircase to the Snake Pit.
 22415 | Lair:5   | Gained mutation: Your large and strong wings let you fly.
                  | [Gargoyle growth]
 22415 | Lair:5   | Reached XP level 14. HP: 94/94 MP: 0/18
 22852 | Swamp:1  | Entered Level 1 of the Swamp
 23448 | Lair:6   | Entered Level 6 of the Lair of Beasts
 23649 | Lair:6   | Reached skill level 18 in Earth Magic
 24695 | Lair:6   | Noticed Sonja
 24700 | Lair:6   | Killed Sonja
 25001 | Lair:6   | Found a runed translucent door.
 25152 | Lair:6   | Offered knowledge of Yara's Violent Unravelling by Vehumet.
 25477 | Lair:6   | Noticed a dire elephant
 25559 | Lair:6   | Killed a dire elephant
 25564 | Lair:6   | Reached skill level 19 in Earth Magic
 26585 | Lair:6   | Found a viscous altar of Jiyva.
 26586 | Lair:6   | Found a staircase to the Slime Pits.
 27173 | D:12     | HP: 2/96 [Jorgrun/Lee's Rapid Deconstruction (26)]
 27175 | D:12     | Mangled by Jorgrun

Illustrated notes

Levels and vault maps discovered:
D:1:      sevenhm_arrival_forest_fort_small_2, layout_basic,
          shapermc_ecumenical_altar_gd, lexackson_kobold_supper
D:2:      minmay_angry_zag, layout_loops_ring, serial_shops,
          nicolae_shop_temple_entry_statues_fountains, minmay_tiny_reverse_x,
          uniq_sigmund
D:3:      layout_loops_cross, gup_sewer_entry_spiral
D:4:      layout_basic, nicolae_specific_store, uniq_pargi, uniq_menkaure
D:5:      layout_loops_ring, mainiacjoe_overflow_boulevard,
          nicolae_ru_sacrificial_ziggurat, minmay_temple_entry_proselytizer,
          grunt_ministairs_15, hex_large
D:6:      layout_basic, grunt_temple_overflow_open, uniq_prince_ribbit1
D:7:      layout_rooms, nzn_ghost_randoct
D:8:      layout_basic, minmay_splitting_lines
D:9:      layout_loops_ring
D:10:     minmay_s_stair_smasher, layout_small_grid, slow_altar_2,
          due_lair_maze_entry_diamond
D:11:     layout_gridville, uniq_amaemon
D:12:     layout_long_grid, david_orc_1_choice, minivault_26,
          nicolae_figureground_pulse
Temple:   eino_narrow_crystal_temple
Lair:1:   layout_cave_pods, uniq_grum
Lair:2:   layout_loops_ring, basic_altar, minivault_27,
          chequers_serial_rivers_room_a, grunt_forest_large_clearing_hut,
          grunt_megastairs_5
Lair:3:   layout_cave_pods, nicolae_quartered_pool_impasse, serial_bayou_shore_b
Lair:4:   layout_layer_cave, swamp_mist, minmay_snake_entry_guardpost_medium
Lair:5:   layout_loops_ring
Lair:6:   guppyfry_lair_end_dragon, layout_gridlike, hangedman_lair_in_review,
          slime_altar_2, uniq_sonja
Swamp:1:  layout_falls_marsh, nicolae_swamp_oxbows
Orc:1:    layout_caves, serial_shops, nicolae_shop_overgrown_old_shop,
          basic_altar, uniq_jorgrun

Skill      XL: |  1  2  3  4  5  6  7  8  9 10 11 12 13 14 |
---------------+-------------------------------------------+-----
Earth Magic    | 4 5 6 8 9 11 12 14 17 19 | 19.2
Fighting       | 1 2 3 4 5 7 8 9 11 13 14 | 14.2
Conjurations   | 2 3 4 5 7 10 11 | 11.4
Armour         | 1 3 5 7 |  7.5
Ice Magic      | 5 |  5.3
Dodging        | 4 |  4.2
Evocations     | 1 |  1.2
Fire Magic     | 2 3 |  3.0
Spellcasting   | 3 |  3.1
Stealth        | |  2.1
Transmutations | |  0.7

Action                   |  1- 3 |  4- 6 |  7- 9 | 10-12 | 13-15 || total
-------------------------+-------+-------+-------+-------+-------++-------
Melee: Whip              |    43 |    48 |   240 |       |       ||   331
       Staff             |       |       |     6 |    67 |    59 ||   132
       Punch             |       |       |     2 |     1 |       ||     3
 Cast: Sandblast         |    14 |    57 |    93 |   252 |   132 ||   548
       Stone Arrow       |       |     2 |    22 |   158 |   292 ||   474
       Hailstorm         |       |       |       |     3 |       ||     3
       Lee's Rapid Decon |       |       |       |     1 |    12 ||    13
Evoke: Wand              |       |       |       |     3 |    12 ||    15
       Lightning rod     |       |       |       |     3 |     7 ||    10
       Phial of floods   |       |       |       |       |     1 ||     1
  Use: Scroll            |       |     4 |     9 |    13 |     7 ||    33
       Potion            |       |       |       |     6 |     8 ||    14
 Stab: Sleeping          |     1 |       |     7 |       |       ||     8
       Petrified         |       |       |       |       |     8 ||     8
Armor: Robe              |    14 |    24 |   117 |    40 |       ||   195
       Steam dragon scal |       |       |       |   193 |   167 ||   360
Dodge: Dodged            |    27 |    35 |   199 |   296 |   173 ||   730
Block: Other             |       |       |       |    67 |    39 ||   106

Table legend: (Time is in decaauts)
 A = Elapsed time spent in this place.
 B = Non-inter-level travel time spent in this place.
 C = Inter-level travel time spent in this place.
 D = Time resting spent in this place.
 E = Time spent auto-exploring this place.
 F = Levels seen in this place.
 G = Mean time per level.
                   A        B        C        D        E       F      G
               +--------+--------+--------+--------+--------+-----+--------+
         Total |  27312 |  25967 |   1345 |    323 |  21413 |  22 | 1241.5 |
       Dungeon |  14499 |  13583 |    916 |    162 |  11206 |  12 | 1208.2 |
        Temple |     17 |      3 |     14 |      0 |      0 |   1 |   17.0 |
          Lair |  11778 |  11365 |    413 |     94 |   9606 |   6 | 1963.0 |
         Swamp |      1 |      1 |      0 |      0 |      0 |   1 |    1.0 |
  Orcish Mines |    163 |    162 |      1 |     67 |     27 |   1 |  163.0 |
         Sewer |    852 |    852 |      0 |      0 |    573 |   1 |  852.0 |
               +--------+--------+--------+--------+--------+-----+--------+

Top non-repeatable levels by time:
  Lair:6: 3281 daAuts
  Lair:1: 2124 daAuts
    D:10: 1859 daAuts
  Lair:4: 1855 daAuts
    D:12: 1812 daAuts
  Lair:2: 1802 daAuts
  Lair:3: 1558 daAuts
     D:6: 1419 daAuts
     D:9: 1230 daAuts
    D:11: 1195 daAuts
     D:1: 1160 daAuts
  Lair:5: 1155 daAuts
     D:2: 1110 daAuts
     D:4: 1031 daAuts
     D:7: 983 daAuts
